[ AOE2 MATCH · #506570709 ]
UnrankedRomans vs Wu
Player's team · WIN
Rival team · LOSS
[ REPLAY ANALYSIS · EXTRACTED FROM THE RECORDED GAME ]
Feudal
15:58
Castle
21:21
Imperial
34:31
| APM avg | 32.0 |
| APM peak | 70 |
| eAPM avg | 23.0 |
| Villagers / military | 134 / 172 |
Focus
⚔️ 40.6% · 🌾 59.4%
Militia ×97 · Centurion ×29 · Scorpion ×27 · Battering Ram ×12 · Mangonel ×5 · Monk ×2
Feudal
13:24
Castle
24:02
Imperial
38:04
| APM avg | 28.9 |
| APM peak | 58 |
| eAPM avg | 21.1 |
| Villagers / military | 178 / 28 |
Focus
⚔️ 25.8% · 🌾 74.2%
Unknown (1968) ×109 · Spearman ×8 · Militia ×7 · Mangonel ×5 · Archer ×3 · Cavalry Archer ×3
Match map
Initial resources + every placement click. Lines = walls · curves = elevation contours. ◆ gold · ⬟ stone · ● berries · ✦ relic · ◌ wall gap
Your base· ✓ Closed at 21:21 · 45t walls · 1 gate(s)
Joltzjoltz's base· ✓ Closed at 24:02 · 20t walls · 2 gate(s)
Smoothed initial terrain · ◌ = detected wall gap · hover for details
Inputs per minute
— Jazzmushroom - - Joltzjoltz
Build order — Jazzmushroom
First 150 of 507 actions detected
| 0:00 | Queue | Villager (Male) |
| 0:01 | Queue | Villager (Male) |
| 0:01 | Queue | Villager (Male) |
| 0:02 | Build | House |
| 0:04 | Build | House |
| 0:24 | Research | Loom |
| 0:24 | Queue | Villager (Male) |
| 0:24 | Queue | Villager (Male) |
| 0:25 | Queue | Villager (Male) |
| 1:24 | Queue | Villager (Male) |
| 2:13 | Queue | Villager (Male) |
| 2:59 | Build | Palisade Wall |
| 3:03 | Queue | Villager (Male) |
| 3:24 | Queue | Villager (Male) |
| 3:35 | Build | Lumber Camp |
| 3:45 | Build | Palisade Wall |
| 3:48 | Queue | Villager (Male) |
| 4:03 | Build | Palisade Wall |
| 4:14 | Build | Palisade Wall |
| 4:20 | Queue | Villager (Male) |
| 5:16 | Queue | Villager (Male) |
| 5:16 | Queue | Villager (Male) |
| 5:59 | Queue | Villager (Male) |
| 6:05 | Build | Mill |
| 6:08 | Queue | Villager (Male) |
| 6:46 | Build | House |
| 6:58 | Queue | Villager (Male) |
| 7:02 | Build | House |
| 8:02 | Queue | Villager (Male) |
| 8:07 | Queue | Villager (Male) |
| 8:27 | Build | Lumber Camp |
| 8:43 | Build | Palisade Wall |
| 8:49 | Build | Palisade Wall |
| 8:52 | Queue | Villager (Male) |
| 8:53 | Queue | Villager (Male) |
| 8:57 | Build | House |
| 9:05 | Queue | Villager (Male) |
| 9:52 | Build | Palisade Wall |
| 9:55 | Build | Palisade Wall |
| 10:02 | Build | Palisade Wall |
| 10:03 | Build | Palisade Wall |
| 10:28 | Queue | Villager (Male) |
| 10:28 | Queue | Villager (Male) |
| 10:29 | Queue | Villager (Male) |
| 10:36 | Queue | Villager (Male) |
| 10:36 | Queue | Villager (Male) |
| 10:36 | Queue | Villager (Male) |
| 11:07 | Build | House |
| 11:24 | Queue | Villager (Male) |
| 11:24 | Queue | Villager (Male) |
| 11:50 | Build | House |
| 11:51 | Build | House |
| 12:20 | Build | Palisade Wall |
| 13:11 | Build | Palisade Wall |
| 13:20 | Queue | Villager (Male) |
| 13:21 | Queue | Villager (Male) |
| 13:46 | Research | Feudal Age |
| 14:15 | Build | Mill |
| 14:38 | Build | Mining Camp |
| 14:48 | Build | Palisade Wall |
| 14:55 | Queue | Villager (Male) |
| 14:56 | Queue | Villager (Male) |
| 14:56 | Queue | Villager (Male) |
| 15:58 | Age | Feudal Age |
| 16:03 | Build | Blacksmith |
| 16:07 | Build | Market |
| 16:27 | Research | Horse Collar |
| 16:29 | Research | Double-Bit Axe |
| 16:32 | Build | Farm |
| 16:32 | Build | Farm |
| 16:32 | Build | Farm |
| 16:33 | Build | Farm |
| 16:33 | Build | Farm |
| 16:33 | Build | Farm |
| 16:33 | Build | Farm |
| 16:50 | Queue | Villager (Male) |
| 17:01 | Build | Stone Wall |
| 17:07 | Build | Gate |
| 17:13 | Queue | Villager (Male) |
| 17:39 | Build | House |
| 17:41 | Build | House |
| 17:52 | Build | Farm |
| 17:52 | Build | Farm |
| 17:52 | Build | Farm |
| 17:53 | Build | Farm |
| 18:35 | Build | Outpost |
| 18:38 | Queue | Villager (Male) |
| 18:41 | Research | Castle Age |
| 18:46 | Build | Farm |
| 18:46 | Build | Farm |
| 18:46 | Build | Farm |
| 18:47 | Build | Farm |
| 18:47 | Build | Farm |
| 18:47 | Build | Farm |
| 18:48 | Build | Farm |
| 19:25 | Build | Stone Wall |
| 19:28 | Build | Stone Wall |
| 20:14 | Build | Barracks |
| 20:20 | Queue | Villager (Male) |
| 20:20 | Queue | Villager (Male) |
| 20:20 | Queue | Villager (Male) |
| 20:43 | Build | Mining Camp |
| 21:04 | Build | Mining Camp |
| 21:21 | Age | Castle Age |
| 21:22 | Build | Monastery |
| 21:34 | Research | Bow Saw |
| 21:41 | Build | Town Center |
| 22:04 | Queue | Monk |
| 22:04 | Queue | Monk |
| 22:07 | Build | Mining Camp |
| 22:23 | Queue | Villager (Male) |
| 22:24 | Queue | Villager (Male) |
| 22:27 | Research | Wheelbarrow |
| 22:28 | Research | Town Watch |
| 22:28 | Queue | Villager (Male) |
| 22:28 | Queue | Villager (Male) |
| 23:33 | Queue | Villager (Male) |
| 23:33 | Queue | Villager (Male) |
| 23:34 | Queue | Villager (Male) |
| 23:34 | Queue | Villager (Male) |
| 24:01 | Build | Siege Workshop |
| 24:05 | Queue | Villager (Male) |
| 24:06 | Queue | Villager (Male) |
| 24:06 | Queue | Villager (Male) |
| 24:08 | Queue | Villager (Male) |
| 24:08 | Queue | Villager (Male) |
| 24:19 | Build | Town Center |
| 24:28 | Build | Farm |
| 24:29 | Build | Farm |
| 24:29 | Build | Farm |
| 24:29 | Build | Farm |
| 24:30 | Build | Farm |
| 24:30 | Build | Farm |
| 24:30 | Build | Farm |
| 24:33 | Research | Heavy Plow |
| 24:38 | Queue | Villager (Male) |
| 24:51 | Queue | Scorpion |
| 24:51 | Queue | Scorpion |
| 24:57 | Queue | Mangonel |
| 25:09 | Queue | Villager (Male) |
| 25:09 | Queue | Villager (Male) |
| 25:10 | Queue | Villager (Male) |
| 25:17 | Build | Farm |
| 25:20 | Build | Farm |
| 25:25 | Research | Gold Mining |
| 25:47 | Research | Stone Mining |
| 26:04 | Queue | Mangonel |
| 26:06 | Queue | Villager (Male) |
| 26:07 | Queue | Villager (Male) |
| 26:11 | Build | Farm |
Build order — Joltzjoltz
First 150 of 339 actions detected
| 0:00 | Queue | Villager (Male) |
| 0:01 | Queue | Villager (Male) |
| 0:01 | Queue | Villager (Male) |
| 0:02 | Queue | Villager (Male) |
| 0:03 | Build | House |
| 0:05 | Build | House |
| 0:58 | Build | Palisade Wall |
| 1:10 | Queue | Villager (Male) |
| 1:48 | Build | Lumber Camp |
| 2:04 | Queue | Villager (Male) |
| 2:44 | Queue | Villager (Male) |
| 2:44 | Queue | Villager (Male) |
| 2:44 | Queue | Villager (Male) |
| 2:47 | Research | Loom |
| 3:00 | Build | Palisade Wall |
| 3:32 | Queue | Villager (Male) |
| 3:51 | Queue | Villager (Male) |
| 4:13 | Queue | Villager (Male) |
| 5:20 | Queue | Villager (Male) |
| 5:26 | Build | Palisade Wall |
| 6:08 | Queue | Villager (Male) |
| 6:10 | Build | Mill |
| 6:18 | Build | House |
| 6:25 | Build | Palisade Wall |
| 6:41 | Build | House |
| 6:54 | Build | House |
| 6:57 | Build | Palisade Wall |
| 7:01 | Queue | Villager (Male) |
| 7:06 | Queue | Villager (Male) |
| 7:37 | Queue | Villager (Male) |
| 7:37 | Queue | Villager (Male) |
| 7:48 | Build | Outpost |
| 7:57 | Queue | Villager (Male) |
| 8:36 | Queue | Villager (Male) |
| 8:53 | Queue | Villager (Male) |
| 9:08 | Build | Palisade Gate |
| 9:47 | Queue | Villager (Male) |
| 10:11 | Queue | Villager (Male) |
| 10:49 | Queue | Villager (Male) |
| 10:59 | Research | Feudal Age |
| 11:02 | Build | Lumber Camp |
| 11:39 | Queue | Villager (Male) |
| 12:08 | Queue | Villager (Male) |
| 12:10 | Build | House |
| 12:36 | Queue | Villager (Male) |
| 13:07 | Queue | Villager (Male) |
| 13:24 | Build | Palisade Wall |
| 13:24 | Age | Feudal Age |
| 13:29 | Research | Double-Bit Axe |
| 13:36 | Build | Barracks |
| 13:43 | Build | Palisade Wall |
| 14:21 | Build | Mining Camp |
| 14:26 | Build | House |
| 14:34 | Queue | Villager (Male) |
| 14:38 | Queue | Militia |
| 14:38 | Queue | Militia |
| 14:45 | Build | House |
| 14:50 | Build | House |
| 15:52 | Build | Palisade Gate |
| 15:55 | Research | Wheelbarrow |
| 15:59 | Build | Farm |
| 16:01 | Build | Farm |
| 16:01 | Build | Farm |
| 16:04 | Research | Horse Collar |
| 16:19 | Queue | Villager (Male) |
| 16:27 | Research | Arson |
| 16:51 | Build | Outpost |
| 16:57 | Build | Archery Range |
| 17:13 | Queue | Villager (Male) |
| 17:26 | Build | Farm |
| 17:26 | Build | Farm |
| 17:41 | Research | Man-at-Arms (upgrade) |
| 17:53 | Queue | Villager (Male) |
| 18:06 | Queue | Villager (Male) |
| 18:06 | Queue | Villager (Male) |
| 18:08 | Build | Farm |
| 18:09 | Build | Farm |
| 18:27 | Queue | Archer |
| 18:30 | Queue | Villager (Male) |
| 18:35 | Build | Farm |
| 18:40 | Build | Farm |
| 18:52 | Queue | Militia |
| 18:54 | Build | Farm |
| 19:02 | Build | House |
| 19:03 | Build | House |
| 19:21 | Queue | Villager (Male) |
| 19:21 | Queue | Villager (Male) |
| 19:25 | Build | Farm |
| 19:25 | Build | Farm |
| 19:26 | Build | Farm |
| 19:59 | Build | Market |
| 20:23 | Queue | Villager (Male) |
| 20:28 | Build | Farm |
| 20:28 | Build | Farm |
| 20:28 | Build | Farm |
| 20:48 | Queue | Villager (Male) |
| 21:03 | Build | Farm |
| 21:22 | Research | Castle Age |
| 21:37 | Queue | Villager (Male) |
| 21:37 | Queue | Villager (Male) |
| 21:49 | Build | Farm |
| 22:22 | Build | Farm |
| 22:25 | Build | Farm |
| 22:28 | Build | Farm |
| 22:28 | Build | Farm |
| 22:35 | Build | Mining Camp |
| 22:52 | Build | Blacksmith |
| 22:55 | Build | House |
| 23:00 | Build | House |
| 23:01 | Build | House |
| 23:03 | Build | House |
| 23:04 | Build | House |
| 23:07 | Build | House |
| 24:01 | Research | Fletching |
| 24:02 | Age | Castle Age |
| 24:11 | Build | Town Center |
| 24:24 | Queue | Villager (Male) |
| 24:24 | Queue | Villager (Male) |
| 24:24 | Queue | Villager (Male) |
| 24:25 | Queue | Villager (Male) |
| 24:25 | Queue | Villager (Male) |
| 24:37 | Research | Long Swordsman (upgrade) |
| 24:53 | Build | Town Center |
| 25:32 | Research | Town Watch |
| 25:36 | Queue | Villager (Male) ×5 |
| 25:44 | Research | Bow Saw |
| 26:14 | Build | House |
| 26:16 | Build | House |
| 26:20 | Queue | Villager (Male) ×5 |
| 26:21 | Queue | Villager (Male) ×5 |
| 26:31 | Research | Crossbowman (upgrade) |
| 26:49 | Build | Siege Workshop |
| 26:59 | Queue | Villager (Male) ×5 |
| 27:12 | Build | House |
| 27:24 | Queue | Archer |
| 27:24 | Queue | Archer |
| 28:11 | Research | Heavy Plow |
| 28:13 | Queue | Villager (Male) |
| 28:18 | Queue | Mangonel |
| 28:18 | Queue | Mangonel |
| 28:39 | Queue | Villager (Male) ×5 |
| 28:43 | Build | Town Center |
| 28:50 | Queue | Mangonel |
| 28:55 | Queue | Militia |
| 28:55 | Queue | Militia |
| 28:59 | Build | Farm |
| 29:00 | Build | Farm |
| 29:02 | Build | Farm |
| 29:12 | Build | House |
| 29:26 | Queue | Villager (Male) |
Match timeline
| 0:58 | Joltzjoltz · wall_segment Palisade Wall x10 |
| 2:59 | Jazzmushroom · wall_segment Palisade Wall x8 |
| 3:00 | Joltzjoltz · wall_segment Palisade Wall x1 |
| 3:45 | Jazzmushroom · wall_segment Palisade Wall x2 |
| 4:03 | Jazzmushroom · wall_segment Palisade Wall x1 |
| 4:14 | Jazzmushroom · wall_segment Palisade Wall x1 |
| 5:26 | Joltzjoltz · wall_segment Palisade Wall x1 |
| 6:25 | Joltzjoltz · wall_segment Palisade Wall x1 |
| 6:57 | Joltzjoltz · wall_segment Palisade Wall x1 |
| 8:43 | Jazzmushroom · wall_segment Palisade Wall x4 |
| 8:49 | Jazzmushroom · wall_segment Palisade Wall x9 |
| 9:52 | Jazzmushroom · wall_segment Palisade Wall x1 |
| 9:55 | Jazzmushroom · wall_segment Palisade Wall x1 |
| 10:02 | Jazzmushroom · wall_segment Palisade Wall x1 |
| 10:03 | Jazzmushroom · wall_segment Palisade Wall x1 |
| 12:20 | Jazzmushroom · wall_segment Palisade Wall x1 |
| 13:11 | Jazzmushroom · wall_segment Palisade Wall x1 |
| 13:24 | Joltzjoltz · wall_segment Palisade Wall x8 |
| 13:24 | Joltzjoltz · age_up feudal |
| 13:36 | Joltzjoltz · first_building Barracks |
| 13:43 | Joltzjoltz · wall_segment Palisade Wall x1 |
| 14:48 | Jazzmushroom · wall_segment Palisade Wall x8 |
| 15:58 | Jazzmushroom · age_up feudal |
| 16:57 | Joltzjoltz · first_building Archery Range |
| 17:01 | Jazzmushroom · wall_segment Stone Wall x5 |
| 19:25 | Jazzmushroom · wall_segment Stone Wall x1 |
| 19:28 | Jazzmushroom · wall_segment Stone Wall x1 |
| 20:14 | Jazzmushroom · first_building Barracks |
| 21:11 | Joltzjoltz · first_market_sell 100 wood |
| 21:21 | Jazzmushroom · age_up castle |
| 21:22 | Jazzmushroom · first_building Monastery |
| 22:03 | Jazzmushroom · first_market_sell 100 wood |
| 24:01 | Jazzmushroom · first_building Siege Workshop |
| 24:02 | Joltzjoltz · age_up castle |
| 24:14 | Jazzmushroom · first_market_buy 100 stone |
| 24:44 | Joltzjoltz · first_market_buy 100 wood |
| 26:49 | Joltzjoltz · first_building Siege Workshop |
| 32:12 | Jazzmushroom · wall_segment Stone Wall x12 |
| 33:21 | Joltzjoltz · first_building Monastery |
| 34:05 | Joltzjoltz · first_building Castle |
| 34:31 | Jazzmushroom · age_up imperial |
| 35:14 | Jazzmushroom · first_building Castle |
| 38:04 | Joltzjoltz · age_up imperial |
| 47:28 | Jazzmushroom · first_building Stable |
| 49:58 | Joltzjoltz · resign |
[ AI ANALYSIS · 1 CREDIT ]
What really happened in this match?
Wolo.gg analyzes every decision: build order, eco, micro, common mistakes by bracket. Personalized analysis on WhatsApp or Discord in 30 seconds.
Civ guide
Romans
Perfil
Jazzmushroom